Unix NetHack Version 5.0.0-0 post-release - last build Jun 10 2026 00:39:30 (3ee93aec679c4c4259841fe613dc97188e26a321,branch:main).

Game began 2026-06-25 14:05:18, ended 2026-06-25 15:33:40.

FalseGod, chaotic male orcish Wizard

                        --- -----------------------
                         .  -.....................|-------
                        -. |... #.....--------....|......|
                        -....{........|..|%%.|....-...._.|
             |          ..#......---..|..|%%.-....|......|
             |.    -    ....... |  |..|..|----....--------       --
          ----.    |.----...--+    |..-[-|...............^........-
          |.....-   ....|...|   --+-.....---|-------------
          |......----...+...|   |...........@.|  |.%.|...|
           -......|.[-.--...|   -+------..{...|  |...-...|
              |.....())))...|----  |((.|.).u.)--+-...|...|
         |    ----..........|...|  |]..-(...@.f......-----
        --..  ----?[)-----..|...|--|..[|..--|---|-...........
        |..........-[|...|..|...|..-----.)|..*|.`|-|--- --  |
        --...........|..`-.)--|--.........|]!)|..|...
        |.........|..|...|................|?[*|..|...|
        |.........|..|---|................|-----------
        --.--.--.-----   -----.....--------
         -- -- ---           |..|..|
                             -------
FalseGod the Thaumaturge  St:12 Dx:14 Co:12 In:15 Wi:10 Ch:10  Chaotic
Dlvl:7  $:3887 HP:0(29) Pw:47(56) AC:6  Xp:6 T:2714  Burdened

Latest messages:
 The lizard bites!
 You hit the lizard.
 In what direction? l
 The spell hits the lizard!
 You kill the lizard!
 Your housecat eats a lizard corpse.
 You see here a kobold corpse.
 You swap places with your housecat.
 You hear some noises.
 In what direction? k
 The door closes.
 What do you want to use or apply? [cjnotvC-ETUW or ?*] o
 In what direction? k
 Lock it? [ynq] (q) y
 You succeed in locking the door.
 What do you want to write with? [- ac-elnqtQTUW or ?*] -
 You write in the dust with your fingertip.
 What do you want to write in the dust here? Elbereth
 Something is written here in the dust.
 You read: "Elbereth".
 You see no objects here.
 What do you want to drop? [$a-jlnoqrt-wzA-EGJM-OQTUWZ or ?*] ?
 You drop an uncursed bag called boh/oil containing 1 item.
 Your movements are now unencumbered.
 Something is written here in the dust.
 You read: "Elbereth".
 You see here an uncursed bag called boh/oil containing 1 item.
 You hear someone praising Thoth.
 You are in full health.
 You have a little trouble lifting an uncursed bag called boh/oil containing 1 item.  Continue? [ynq] (q) y
 You have a little trouble lifting C - an uncursed bag called boh/oil containing 1 item.
 Your movements are slowed slightly because of your load.
 This door is locked.
 Unlock it with your lock pick? [ynq] (q) y
 You succeed in picking the lock.
 The door opens.
 You swap places with your housecat.
 The white unicorn butts!
 The white unicorn kicks!
 The white unicorn butts!
 The white unicorn kicks!
 The white unicorn butts!
 The white unicorn kicks!
 The white unicorn butts!
 You die...
 Do you want your possessions identified? [ynq] (y) y
 Do you want to see your attributes? [ynq] (y) n
 Do you want an account of creatures vanquished? [ynaq] (y) n
 Do you want to see your conduct and achievements? [ynq] (y) n
 Do you want to see the dungeon overview? [ynq] (y) n

Inventory:
 Coins    ('$')
  $ - 3887 gold pieces
 Weapons  (')')
  l - a cursed -1 dagger
  q - a +0 orcish dagger (weapon in right hand)
  a - a blessed +1 quarterstaff
 Armor    ('[')
  b - an uncursed +0 cloak of magic resistance (being worn)
  G - an uncursed +0 Hawaiian shirt with a plumeria motif
  A - an uncursed +0 studded leather armor (being worn)
 Comestibles  ('%')
  r - 4 uncursed slime molds
  u - an uncursed tin of pureed gnome leader meat
 Scrolls  ('?')
  M - a cursed scroll of create monster
  N - an uncursed scroll of enchant weapon
  i - an uncursed scroll of identify
  O - 2 cursed scrolls of remove curse
  w - a blessed scroll of teleportation
  Z - an uncursed scroll of teleportation
  J - a cursed scroll of teleportation
 Spellbooks  ('+')
  v - an uncursed spellbook of cancellation
 Potions  ('!')
  g - an uncursed potion of enlightenment
  f - an uncursed potion of healing
  z - an uncursed potion of levitation
  h - an uncursed potion of polymorph
  B - an uncursed potion of water
 Rings    ('=')
  d - an uncursed ring of cold resistance
  e - an uncursed ring of free action
  Q - a cursed ring of warning
 Wands    ('/')
  T - a cursed wand of digging (0:2)
  U - a cursed wand of secret door detection (0:14)
  W - a cursed wand of speed monster (0:6)
  c - a wand of undead turning (0:6)
 Tools    ('(')
  C - an uncursed oilskin sack containing 1 item
  D - an empty uncursed sack
  E - a bag of tricks (0:10)
  o - a cursed lock pick
  n - a magic marker (0:19)
  t - a cursed magic marker (0:20)
  j - a blessed tallow candle

Contents of the oilskin sack:
  a cursed -2 elven mithril-coat

FalseGod the Wizard's attributes:

Background:
 You were a Thaumaturge, a level 6 male orcish Wizard.
 You were chaotic, on a mission for Anhur
 who was opposed by Ptah (lawful) and Thoth (neutral).
 You were right-handed.
 You were in the Gnomish Mines, on level 7.
 You entered the dungeon 2714 turns ago.
 You had 540 experience points, 100 more were needed to attain level 7.

Basics:
 You had 0 out of 29 hit points.
 You had 47 out of 56 energy points (spell power).
 Your armor class was 6.
 Your wallet contained 3887 zorkmids.
 Autopickup was off.

Final Characteristics:
 Your strength was 12 (limit:18/50).
 Your dexterity was 14 (peak:15, limit:18).
 Your constitution was 12 (limit:18).
 Your intelligence was 15 (limit:16).
 Your wisdom was 10 (limit:16).
 Your charisma was 10 (limit:16).

Final Status:
 You weren't hungry.
 You were burdened; movement was slightly slowed.
 You were wielding a dagger.
 You had basic skill with dagger.

Final Attributes:
 You were piously aligned.
 You were magic-protected.
 You were poison resistant.
 You had infravision.
 You were warded.
 You were unlucky.
 You are dead.

Miscellaneous:
 You encountered 1 bones level.
 Total elapsed playing time was 51 minutes and 29 seconds.

Major events:
 Turn
    1: FalseGod the chaotic male orcish Wizard entered the dungeon
  729: attained the rank of Conjurer (level 3)
 1123: entered the Gnomish Mines
 1845: attained the rank of Thaumaturge (level 6)
 2021: reached Mine Town
 2714: killed by a white unicorn

Spells:
 Name                 Level Category     Fail Retention
 force bolt             1   attack         0%   81%-90%
 jumping                1   escape         0%  76%-100%

Skills:
 Fighting Skills
   bare handed combat [Unskilled]
   riding             [Unskilled]
 Weapon Skills
   dagger             [Basic]
   knife              [Unskilled]
   axe                [Unskilled]
   short sword        [Unskilled]
   club               [Unskilled]
   mace               [Unskilled]
   quarterstaff       [Basic]
   polearms           [Unskilled]
   spear              [Unskilled]
   trident            [Unskilled]
   sling              [Unskilled]
   dart               [Unskilled]
   shuriken           [Unskilled]
 Spellcasting Skills
   attack spells      [Basic]
   healing spells     [Unskilled]
   divination spells  [Unskilled]
   enchantment spells [Basic]
   clerical spells    [Unskilled]
   escape spells      [Unskilled]
   matter spells      [Unskilled]

Voluntary challenges:
 Character rerolling was not enabled.
 You never genocided any monsters.
 You never polymorphed an object.
 You never changed form.
 You used no wishes.
Achievements:
 You entered a shop.
 You attained the rank of Conjurer.
 You entered the Gnomish Mines.
 You attained the rank of Thaumaturge.
 You entered Minetown.
 You entered a temple.

 The Dungeons of Doom: levels 1 to 4
    Level 1:
    Level 2: "shop + vault"
       A food shop.
    Level 3: "shop"
       An armor shop, many fountains.
       Stairs down to The Gnomish Mines.
    Level 4:
       A sink.
 The Gnomish Mines: levels 4 to 7
    Level 4:
    Level 5: "grave + leprechaun"
       A grave.
       Final resting place for
          snarksnark-Wiz-Hum-Mal-Neu, killed by a crossbow bolt.
    Level 6:
    Level 7: <- You were here.
       Many shops, a temple and an altar, some fountains, some trees.
       Final resting place for
          you, killed by a white unicorn.


Vanquished creatures:
  a ghost
  a quivering blob
  a leprechaun
  a lizard
  a shrieker
  6 gnome leaders
  a little dog
  9 dwarves
 an iguana
  3 hobbits
  a giant rat
 22 gnomes
  a gecko
  a fox
  a kobold
  2 goblins
  6 grid bugs
  2 bats
  7 lichens
  5 newts
73 creatures vanquished.

No species were genocided or became extinct.

Game over:
                       ----------
                      /          \
                     /    REST    \
                    /      IN      \
                   /     PEACE      \
                  /                  \
                  |     FalseGod     |
                  |     3887 Au      |
                  |   killed by a    |
                  |  white unicorn   |
                  |                  |
                  |                  |
                  |       2026       |
                 *|     *  *  *      | *
        _________)/\\_//(\/(/\)/\//\/|_)_______

Goodbye FalseGod the Wizard...

You died in The Gnomish Mines on dungeon level 7 with 5959 points,
and 3887 pieces of gold, after 2714 moves.
You were level 6 with a maximum of 29 hit points when you died.

